 Dungeon Crawl Stone Soup version 0.31-a0-188-g5e087ee2ca (webtiles) character file.

Game seed: 62953412641972532

19565 pokeman the Eclecticist (level 12, -1/66 HPs)
             Began as a Deep Elf Hedge Wizard on June 23, 2023.
             Was a High Priest of Vehumet.
             Slain by a skeletal warrior
             ... wielding a +0 flail
              (13 damage)
             ... on level 13 of the Dungeon.
             The game lasted 00:40:13 (15655 turns).

pokeman the Eclecticist (Deep Elf Hedge Wizard)    Turns: 15655, Time: 00:40:14

Health: -1/66      AC:  8    Str:  7    XL:     12   Next: 37%
Magic:  23/43      EV: 12    Int: 27    God:    Vehumet [*****.]
Gold:   1201       SH:  0    Dex: 14    Spells: 23/43 levels left

rFire   . . .        f - +2 flail (venom)
rCold   . . .        (no shield)
rNeg    . . .        T - +0 troll leather armour
rPois   +            c - +0 hat
rElec   .            E - +1 cloak
rCorr   .            u - +0 pair of gloves
SInv    +            (no boots)
Will    .....        (no amulet)
Stlth   ++           W - ring "Timafy" {Fly Will- MP+9 Int+2 SInv}
HPRegen 1.11/turn    t - ring of poison resistance
MPRegen 0.28/turn

%: no passive effects
@: on blink cooldown, flying
A: no striking features
a: Renounce Religion


You were on level 13 of the Dungeon.
You worshipped Vehumet.
Vehumet was extremely pleased with you.
You visited 2 branches of the dungeon, and saw 14 of its levels.
You also visited: Ossuary.

You collected 1667 gold pieces.
You spent 466 gold pieces at shops.

Inventory:

Hand Weapons
 f - a +2 flail of venom (weapon)
Missiles
 o - a throwing net
 P - 2 curare-tipped darts
Armour
 c - a +0 hat (worn)
 u - a +0 pair of gloves (worn)
 C - a +3 ring mail of cold resistance
 E - a +1 cloak (worn)
 K - a +0 buckler
 T - a +0 troll leather armour (worn)
 U - an orb of energy
Magical Staves
 q - a staff of earth
 M - a staff of death
Jewellery
 t - a ring of poison resistance (right hand)
 Q - a ring of ice
 W - the ring "Timafy" (left hand) {Fly Will- MP+9 Int+2 SInv}
   (You bought it in a shop on level 12 of the Dungeon)

   [ring of magical power]

   Int:       It affects your intelligence (+2).
   MP:        It affects your magic capacity (+9).
   SInv:      It lets you see invisible.
   Fly:       It grants you flight.
   Will:      It decreases your willpower.
Wands
 a - a wand of polymorph (13)
 L - a wand of digging (8)
Scrolls
 i - 2 scrolls of blinking
 v - 4 scrolls of teleportation
 D - 4 scrolls of revelation
 N - a scroll of immolation {unknown}
 S - a scroll of enchant armour {unknown}
 V - a scroll of silence {unknown}
Potions
 d - a potion of magic
 m - a potion of might {unknown}
 n - 6 potions of heal wounds
 p - 3 potions of ambrosia {unknown}
 s - 4 potions of haste
 z - 6 potions of curing
 G - 2 potions of brilliance {unknown}
 H - 2 potions of mutation {unknown}
 I - 3 potions of invisibility {unknown}
 X - a potion of degeneration {unknown}


   Skills:
 - Level 4.1 Fighting
 - Level 4.0 Armour
 - Level 3.0 Dodging
 - Level 3.1 Stealth
 + Level 3.2 Shields
 * Level 16.0 Spellcasting
 + Level 10.5 Conjurations
 - Level 1.1 Summonings
 - Level 1.0 Necromancy
 - Level 1.1 Translocations
 + Level 7.4 Fire Magic
 - Level 1.0 Ice Magic
 - Level 1.0 Air Magic
 + Level 8.7 Earth Magic
 - Level 1.1 Poison Magic
 - Level 1.0 Evocations


You had 23 spell levels left.
You knew the following spells:

 Your Spells              Type           Power      Damage    Failure   Level
a - Magic Dart            Conj           100%       1d8       1%          1
b - Mephitic Cloud        Conj/Pois/Air  44%        N/A       1%          3
c - Call Imp              Summ           54%        N/A       3%          2
d - Blink                 Tloc           54%        N/A       3%          2
e - Foxfire               Conj/Fire      100%       2x1d9     1%          1
f - Starburst             Conj/Fire      31%        6d10      3%          6
g - Freezing Cloud        Conj/Ice/Air   22%        6-21      4%          5

Your spell library contained the following spells:

 Spells                   Type           Power      Damage    Failure   Level
 Kiss of Death            Conj/Necr      100%       2d13      1%          1
 Ignite Poison            Fire/Tmut/Pois 37%        N/A       1%          3
 Apportation              Tloc           54%        N/A       2%          1
 Slow                     Hex            84%        N/A       3%          1
 Cigotuvi's Dreadful Rot  Necr/Pois/Air  54%        N/A       3%          2
 Alistair's Intoxication  Tmut/Pois      16%        N/A       58%         5
 Simulacrum               Ice/Necr       13%        N/A       98%         6
 Death's Door             Necr           13%        N/A       100%        9


Dungeon Overview and Level Annotations

Branches:
Dungeon (13/15)            Temple (1/1) D:6            Lair (0/5) D:9
    Orc (0/2) D:9         Ossuary (visited)
 Vaults: D:13-14

Altars:
Ashenzari
Cheibriados
Dithmenos
Elyvilon
Fedhas
Gozag
Hepliaklqana
Kikubaaqudgha
Makhleb
Nemelex Xobeh
Okawaru
Qazlal
Ru
Sif Muna
Trog
Uskayaw
Vehumet
Wu Jian
Xom
Yredelemnul
Zin
The Shining One

Shops:
D:12 *([=(

Annotations:
D:6 exclusion: oklob plant


Message History

The bolt of fire hits the skeletal warrior!!
The skeletal warrior is heavily damaged.
The seven-headed hydra is engulfed in freezing vapours.
The seven-headed hydra seems to slow down.
Unknown command.
Casting: Starburst (dangerous; 3% risk of failure)
Confirm with . or Enter, or press ? or * to list all spells.
Casting: Starburst (dangerous; 3% risk of failure)
Press: ? - help, Dir - look around, f - activate The bolt of fire hits the seven-headed hydra!!!
The seven-headed hydra is almost dead.
The bolt of fire hits the skeletal warrior!!
The skeletal warrior is almost destroyed.
The bolt of fire hits the skeletal warrior!!
The skeletal warrior is moderately damaged.
The skeletal warrior hits you from afar with a +0 halberd.
Unknown command.
Casting: Starburst (dangerous; 3% risk of failure)
Confirm with . or Enter, or press ? or * to list all spells.
Casting: Starburst (dangerous; 3% risk of failure)
Press: ? - help, Dir - look around, f - activate The bolt of fire hits the seven-headed hydra!!!
You kill the seven-headed hydra!
Vehumet accepts your kill.
You feel your power returning.
The bolt of fire misses the skeletal warrior.
The bolt of fire hits the skeletal warrior!!
The skeletal warrior is almost destroyed.
A skeletal warrior comes into view. It is wielding a +0 glaive.
The skeletal warrior hits you from afar with a +0 halberd!!
Your Spellcasting skill increases to level 16!
Unknown command.
The skeletal warrior hits you from afar with a +0 halberd!!
* * * LOW HITPOINT WARNING * * *
There is a stone staircase leading up, spattered with blood here.
Casting: Starburst (dangerous; 3% risk of failure)
Confirm with . or Enter, or press ? or * to list all spells.
You blink.
The skeletal warrior hits you with a +0 flail!
You die...

+ .. ##+########
#..#
#..ยง......#
.....##z########
.......zz......
#......@#......
#.......#......
#..###..# ..#..
.. .z.. ..... .
..### #### ##.
.. ...


You could see 4 skeletal warriors.

Vanquished Creatures
  Fannar (D:12)
  2 hydras
  An ogre mage (D:12)
  A boulder beetle (D:12)
  Nergalle (D:10)
  A skeletal warrior (D:12)
  A wizard (D:12)
  A deep elf pyromancer (D:12)
  An ugly thing (D:11)
  A cyclops (D:12)
  A manticore (D:12)
  Joseph (D:9)
  A gargoyle (D:12)
  An unseen horror (D:12)
  A kobold demonologist (D:12)
  A tengu conjurer (D:12)
  2 komodo dragons
  A meliai (D:7)
  3 trolls
  3 wraiths
  Sigmund (D:3)
  2 shadows
  A slime creature (D:12)
  A wyvern (D:8)
  22 yaks
  7 vampire mosquitoes
  2 wargs (D:9)
  2 acid dragons (D:12)
  4 water moccasins
  2 orc warriors
  A swamp drake (D:11)
  2 ice beasts
  2 black bears
  10 centaurs
  4 bullfrogs
  3 kobold brigands
  2 elf zombies (Ossuary)
  4 gnoll sergeants
  2 scorpions (D:6)
  5 wights (D:8)
  7 killer bees (D:7)
  3 howler monkeys (D:9)
  A crimson imp (D:7)
  A centaur zombie (Ossuary)
  A human zombie (Ossuary)
  3 jellies (D:6)
  A gnoll bouda (D:8)
  5 orc priests
  2 sleepcaps
  A hound (D:5)
  An iguana (D:5)
  18 orc wizards
  2 mummies (Ossuary)
  23 gnolls
  10 adders
  2 shadow imps
  A white imp (D:7)
  An adder zombie (Ossuary)
  5 worms
  4 dart slugs
  51 orcs
  6 ball pythons
  6 endoplasms
  9 giant cockroaches
  12 goblins
  5 hobgoblins
  4 jackals (D:5)
  2 quokkas (D:2)
  7 bats
  7 frilled lizards
  A goblin zombie (Ossuary)
  7 hobgoblin zombies (Ossuary)
  A jackal zombie (Ossuary)
  18 kobolds
  10 kobold zombies (Ossuary)
  10 orc zombies (Ossuary)
  4 rats
  2 rat zombies (Ossuary)
  A foxfire (D:11)
360 creatures vanquished.

Vanquished Creatures (collateral kills)
  4 sleepcaps
  A gnoll (D:7)
5 creatures vanquished.

Vanquished Creatures (others)
  858 foxfires
858 creatures vanquished.

Grand Total: 1223 creatures vanquished

Notes
Turn   | Place    | Note
-------+----------+-------------------------------------------
     0 | D:1      | pokeman the Deep Elf Hedge Wizard began the quest for the
                  | Orb.
     0 | D:1      | Reached XP level 1. HP: 10/10 MP: 7/7
   242 | D:1      | Found a faded altar of an unknown god.
   278 | D:1      | Reached XP level 2. HP: 16/16 MP: 7/9
   895 | D:1      | Reached skill level 5 in Spellcasting
  1179 | D:2      | Reached XP level 3. HP: 20/20 MP: 7/11
  1186 | D:2      | Learned a level 3 spell: Mephitic Cloud
  1189 | D:2      | Learned a level 2 spell: Call Imp
  1196 | D:2      | Learned a level 2 spell: Blink
  1700 | D:2      | You fall into a shaft and drop 1 floor!
  1791 | D:2      | Reached skill level 1 in Armour
  2113 | D:2      | Reached skill level 1 in Fighting
  2400 | D:3      | Reached XP level 4. HP: 25/25 MP: 1/13
  2402 | D:3      | Upgraded the game from 0.31-a0-187-gba352fbbf7 to
                  | 0.31-a0-188-g5e087ee2ca
  2665 | D:3      | Noticed Sigmund
  2674 | D:3      | Killed Sigmund
  2675 | D:3      | Reached XP level 5. HP: 29/29 MP: 9/15
  2823 | D:3      | Reached skill level 5 in Conjurations
  2823 | D:3      | Reached XP level 6. HP: 34/34 MP: 7/16
  2893 | D:3      | Reached skill level 6 in Spellcasting
  4489 | D:5      | Entered Level 5 of the Dungeon
  4789 | D:5      | Reached skill level 1 in Earth Magic
  4799 | D:5      | Reached skill level 1 in Air Magic
  4817 | D:5      | Reached XP level 7. HP: 38/38 MP: 3/19
  4832 | D:5      | Reached skill level 7 in Spellcasting
  4832 | D:5      | Reached skill level 1 in Poison Magic
  4832 | D:5      | Reached skill level 1 in Evocations
  5381 | D:5      | Found a burning altar of Makhleb.
  5593 | D:6      | Found a blossoming altar of Fedhas.
  5608 | D:6      | Noticed an oklob plant
  5759 | D:6      | Got Reazuo Veixe's Meditations on Lamentation
  5863 | D:6      | Reached skill level 8 in Spellcasting
  5996 | D:6      | Found an opulent altar of Gozag.
  6037 | D:6      | Reached XP level 8. HP: 44/44 MP: 18/22
  6438 | D:6      | Found a staircase to the Ecumenical Temple.
  6448 | Temple   | Entered the Ecumenical Temple
  6738 | D:6      | Found a radiant altar of Vehumet.
  6748 | D:6      | Became a worshipper of Vehumet
  7065 | D:7      | Reached skill level 9 in Spellcasting
  7273 | D:7      | a water moccasin changed into a meliai
  7273 | D:7      | Noticed a meliai
  7287 | D:7      | Killed a meliai
  7288 | D:7      | Reached skill level 10 in Spellcasting
  7367 | D:7      | Found a sand-covered staircase.
  7372 | Ossuary  | Entered an ossuary
  7444 | Ossuary  | Reached * piety under Vehumet
  7444 | Ossuary  | Offered knowledge of Foxfire by Vehumet.
  7452 | Ossuary  | Learned a level 1 spell: Foxfire
  7550 | Ossuary  | Reached XP level 9. HP: 43/48 MP: 6/25
  7619 | Ossuary  | Offered knowledge of Momentum Strike by Vehumet.
  7620 | Ossuary  | Reached skill level 1 in Fire Magic
  7986 | D:7      | Reached ** piety under Vehumet
  8419 | D:7      | Found a sparkling altar of Nemelex Xobeh.
  8912 | D:8      | Reached skill level 11 in Spellcasting
  8914 | D:8      | Reached skill level 5 in Earth Magic
  9397 | D:8      | Offered knowledge of Stone Arrow by Vehumet.
  9575 | D:8      | Reached *** piety under Vehumet
 10028 | D:8      | Found a bloodstained altar of Trog.
 10137 | D:9      | Found a staircase to the Lair.
 10138 | D:9      | Noticed a komodo dragon
 10269 | D:9      | Reached XP level 10. HP: 41/56 MP: 18/27
 10271 | D:9      | Offered knowledge of Inner Flame by Vehumet.
 10437 | D:9      | Reached skill level 12 in Spellcasting
 10814 | D:9      | Found a staircase to the Orcish Mines.
 10814 | D:9      | Noticed Joseph
 10841 | D:9      | Killed Joseph
 10995 | D:9      | Reached **** piety under Vehumet
 11203 | D:9      | Offered knowledge of Iskenderun's Battlesphere by Vehumet.
 11540 | D:9      | Reached skill level 13 in Spellcasting
 11839 | D:10     | Entered Level 10 of the Dungeon
 11962 | D:10     | Noticed Nergalle
 11971 | D:10     | Reached skill level 5 in Fire Magic
 12020 | D:10     | Killed Nergalle
 12021 | D:10     | Reached XP level 11. HP: 39/61 MP: 19/30
 12723 | D:10     | Identified a scroll of acquirement
 12730 | D:10     | Acquired 791 gold pieces
 12769 | D:11     | Reached skill level 14 in Spellcasting
 12867 | D:11     | Noticed a purple ugly thing
 12880 | D:11     | Killed a purple ugly thing
 13112 | D:11     | Reached skill level 1 in Necromancy
 13384 | D:11     | Reached ***** piety under Vehumet
 13384 | D:11     | Offered knowledge of Starburst by Vehumet.
 13394 | D:11     | Learned a level 6 spell: Starburst
 13607 | D:12     | Reached skill level 1 in Shields
 13832 | D:12     | Found Veqi's Antique Weapon Shop.
 13843 | D:12     | Learned a level 5 spell: Freezing Cloud
 13886 | D:12     | Found Sisemunlaw's Armour Boutique.
 14016 | D:12     | Found Unyty's Assorted Antiques.
 14129 | D:12     | Reached skill level 1 in Ice Magic
 14310 | D:12     | Found Buocriedghu's Antique Weapon Shoppe.
 14314 | D:12     | Noticed Fannar
 14323 | D:12     | Killed Fannar
 14324 | D:12     | Reached skill level 15 in Spellcasting
 14460 | D:12     | Found Gemay's Jewellery Emporium.
 14467 | D:12     | Bought the ring "Timafy" {Fly Will- MP+9 Int+2 SInv} for
                  | 466 gold pieces
 14515 | D:12     | Noticed a seven-headed hydra
 14522 | D:12     | Reached skill level 10 in Conjurations
 14525 | D:12     | Killed a seven-headed hydra
 14553 | D:12     | Noticed a skeletal warrior
 14655 | D:12     | Killed a skeletal warrior
 14656 | D:12     | Reached XP level 12. HP: 66/66 MP: 1/33
 14898 | D:12     | Noticed a boulder beetle
 14910 | D:12     | Killed a boulder beetle
 14978 | D:12     | Noticed an ogre mage
 14989 | D:12     | Killed an ogre mage
 15648 | D:13     | Noticed a seven-headed hydra
 15653 | D:13     | Killed a seven-headed hydra
 15654 | D:13     | Reached skill level 16 in Spellcasting
 15655 | D:13     | Slain by a skeletal warrior

Illustrated notes

Levels and vault maps discovered:
D:1:      lightli_molten_gateway, layout_basic,
          dreamdust_ecumenical_altar_statues, minmay_tromino_v4_c
D:2:      minmay_evil_eye, layout_loops_ring, palyth_stone_intersect,
          kennysheep_generic_room_7
D:3:      layout_basic, uniq_sigmund
D:4:      layout_layer_cave, minmay_tree_intersection
D:5:      layout_rooms, lightli_temple_of_fire, nicolae_fountain_basement
D:6:      layout_loops_cross, tgw_fedhas,
          nicolae_gozag_cash_rules_everything_around_me,
          overflow_temple_1_default, temple_hall
D:7:      layout_basic, mainiacjoe_overflow_alcove_2,
          lightli_ossuary_entry_decrepit_ruins, minmay_fire_ice_demons
D:8:      layout_loops_corners, mainiacjoe_overflow_tiny_flanked
D:9:      layout_stronghold, david_lair_shrubbed, erik_orc_4, uniq_joseph
D:10:     layout_loops_cross, uniq_nergalle
D:11:     layout_basic
D:12:     minmay_the_grid_four_pointed_star_mashed
          [minmay_the_grid_triangle_9x9_zippers_horizontal,
          minmay_the_grid_triangle_9x9_sparse_checkered,
          minmay_the_grid_triangle_9x9_limited_checkers,
          minmay_the_grid_triangle_9x9_steps, minmay_the_grid_prize_big_room],
          layout_rooms, serial_shops, shop, nicolae_shop_crystal, shop, shop,
          shop, uniq_fannar
D:13:     layout_stronghold, uniq_lodul
Temple:   compressed_dpeg_triangle_lava_temple

Skill      XL: |  1  2  3  4  5  6  7  8  9 10 11 12 |
---------------+-------------------------------------+-----
Spellcasting   | 5 6 8 10 11 13 15 16 | 16.0
Armour         | 1 2 3 4 |  4.0
Conjurations   | 2 4 5 6 7 8 9 10 | 10.5
Fighting       | 1 2 3 4 |  4.1
Stealth        | 3 |  3.1
Dodging        | 3 |  3.0
Earth Magic    | 1 2 4 5 6 8 |  8.7
Air Magic      | 1 |  1.0
Poison Magic   | 1 |  1.1
Evocations     | 1 |  1.0
Fire Magic     | 3 5 6 7 |  7.4
Necromancy     | 1 |  1.0
Shields        | 2 3 |  3.2
Ice Magic      | 1 |  1.0
Summonings     | |  1.1
Translocations | |  1.1

Action                     |  1- 3 |  4- 6 |  7- 9 | 10-12 || total
---------------------------+-------+-------+-------+-------++-------
  Melee: Dagger            |    13 |     7 |       |       ||    20
         Punch             |     1 |     1 |     1 |     2 ||     5
         Whip              |       |    16 |   154 |    60 ||   230
         Spear             |       |       |     5 |    16 ||    21
         Flail             |       |       |       |    53 ||    53
   Cast: Magic Dart        |   128 |   137 |   106 |     5 ||   376
         Mephitic Cloud    |       |     2 |    21 |    44 ||    67
         Blink             |       |     3 |     3 |     7 ||    13
         Call Imp          |       |     2 |     9 |       ||    11
         Foxfire           |       |       |   211 |   265 ||   476
         Starburst         |       |       |       |    48 ||    48
         Freezing Cloud    |       |       |       |     3 ||     3
  Evoke: Wand              |       |       |     2 |     3 ||     5
    Use: Potion            |       |       |       |     1 ||     1
         Scroll            |       |       |       |    15 ||    15
   Stab: Sleeping          |     2 |       |       |       ||     2
         Confused          |       |     2 |    11 |    12 ||    25
         Distracted        |       |     1 |     1 |       ||     2
 Armour: Robe              |     5 |    10 |    97 |    25 ||   137
         Troll leather arm |       |       |       |    36 ||    36
  Dodge: Dodged            |    11 |    30 |   178 |   132 ||   351

Table legend: (Time is in decaauts)
 A = Elapsed time spent in this place.
 B = Non-inter-level travel time spent in this place.
 C = Inter-level travel time spent in this place.
 D = Time resting spent in this place.
 E = Time spent auto-exploring this place.
 F = Levels seen in this place.
 G = Mean time per level.
                   A        B        C        D        E       F      G
               +--------+--------+--------+--------+--------+-----+--------+
         Total |  15707 |  14859 |    848 |    559 |  11509 |  15 | 1047.1 |
       Dungeon |  14886 |  14051 |    835 |    555 |  11045 |  13 | 1145.1 |
        Temple |    294 |    282 |     12 |      0 |    239 |   1 |  294.0 |
       Ossuary |    527 |    527 |      0 |      4 |    225 |   1 |  527.0 |
               +--------+--------+--------+--------+--------+-----+--------+

Top non-repeatable levels by time:
    D:12: 1669 daAuts
     D:9: 1535 daAuts
     D:6: 1515 daAuts
     D:8: 1448 daAuts
     D:7: 1348 daAuts
     D:4: 1196 daAuts
     D:1: 1166 daAuts
     D:3: 1119 daAuts
     D:2: 1041 daAuts
    D:11: 1026 daAuts
    D:10: 914 daAuts
     D:5: 895 daAuts
 Ossuary: 527 daAuts
  Temple: 294 daAuts
    D:13: 10 daAuts
